 Dungeon Crawl Stone Soup version 0.27-a0-1334-g2746e35aca (webtiles) character file.

Game seed: 2098706730081321292

99 sokol815 the Chiller (level 4, -5/27 HPs)
             Began as an Octopode Ice Elementalist on June 26, 2021.
             Slain by a gnoll (6 damage)
             ... on level 2 of the Dungeon.
             The game lasted 00:05:17 (2120 turns).

sokol815 the Chiller (Octopode Ice Elementalist)    Turns: 2120, Time: 00:05:18

Health: -5/27      AC:  1    Str: 13    XL:     4   Next: 72%
Magic:  7/7        EV: 13    Int: 17    God:
Gold:   28         SH:  0    Dex: 13    Spells: 0/7 levels left

rFire    . . .     SeeInvis +   a - +2 spear (freeze)
rCold    + . .     Faith    .   (no shield)
rNeg     . . .     Spirit   .   (helmet restricted)
rPois    .         Reflect  .   j - amulet of the acrobat
rElec    .         Harm     .   C - ring of protection from cold {rC+, !d}
rCorr    .         Rampage  .   V - ring of see invisible {sInv, !d}
Will     .....                  i - +6 ring of strength
Stlth    +++.......             (no ring)
HPRegen  0.09/turn              (no ring)
MPRegen  0.10/turn              (no ring)
                                (no ring)
                                (no ring)

@: no status effects
A: almost no armour, amphibious, 8 rings, camouflage 1, gelatinous body 1,
(nimble swimmer 1), tentacles
a: no special abilities


You were on level 2 of the Dungeon.
You visited 1 branch of the dungeon, and saw 2 of its levels.

You collected 28 gold pieces.

Inventory:

Hand Weapons
 a - a +2 spear of freezing (weapon)
   (You took it off a gnoll on level 2 of the Dungeon)
 n - a +0 short sword
   (You took it off a kobold on level 1 of the Dungeon)
 p - a +0 dagger
   (You took it off a goblin on level 2 of the Dungeon)
Missiles
 k - 16 sling bullets
 o - 5 boomerangs (quivered)
 s - 28 stones
Jewellery
 i - a +6 ring of strength (on tentacle)
   (You found it on level 2 of the Dungeon)
 j - an amulet of the acrobat (around mantle)
   (You found it on level 2 of the Dungeon)
 C - a ring of protection from cold (left tentacle) {rC+, !d}
   (You found it on level 1 of the Dungeon)
 V - a ring of see invisible (right tentacle) {sInv, !d}
   (You found it on level 1 of the Dungeon)
Scrolls
 b - 2 scrolls of identify {unknown}
 c - a scroll of noise {unknown}
 e - a scroll of acquirement {unknown}
 g - a scroll of amnesia {unknown}
 l - a scroll of enchant weapon {unknown}
Potions
 d - 3 potions of flight {unknown}
 f - a potion of heal wounds {unknown}
 h - a potion of resistance {unknown}
 m - a potion of magic {unknown}


   Skills:
 - Level 2.0 Dodging
 - Level 2.6 Stealth
 - Level 2.0 Spellcasting
 + Level 6.0 Ice Magic


You couldn't memorise any spells.
You knew the following spells:

 Your Spells              Type           Power      Damage    Failure   Level
a - Freeze                Ice            88%        1d10      1%          1
b - Frozen Ramparts       Ice            44%        1d6       4%          3
A - Ozocubu's Armour      Ice            22%        N/A       4%          3

Your spell library contained the following spells:

 Spells                   Type           Power      Damage    Failure   Level
 Hailstorm                Conj/Ice       11%        3d5       50%         4
 Metabolic Englaciation   Hex/Ice        5%         N/A       83%         5


Dungeon Overview and Level Annotations

Branches:
Dungeon (2/15)

Altars:


Innate Abilities, Weirdness & Mutations

You cannot wear most types of armour.
You are amphibious.
You can wear up to eight rings at the same time.
Your skin changes colour to match your surroundings (Stealth+).
Your rubbery body absorbs attacks. (AC +1, EV +1)
((You are camouflaged near water. (Stealth+)))
You have tentacles for arms and can constrict up to eight enemies at once.


Message History

Aim: a gnoll, wielding a +2 spear of freezing (heavily wounded, constricted by you)
You freeze the gnoll!
You kill the gnoll!
You now have 5/7 mp.
Things that are here:
a +2 spear of freezing; a gnoll corpse
p - a +2 spear of freezing Your +2 spear of freezing glows with a cold blue light!
p - a +2 spear of freezing (weapon)
Adjust to which letter? (? for menu, Esc to quit)
a - a +2 spear of freezing (weapon);
p - a +0 dagger The gnoll shouts!
A gnoll comes into view. It is wielding a +0 spear.
Health restored: 27; MP restored: 7 The spell is quite dangerous to cast (5% risk of failure)!
Continue anyway? [Y]es or [N]o only, please.
The spell is quite dangerous to cast (5% risk of failure)!
Continue anyway?
A film of ice covers your body!
You now have 4/7 mp.
You reach to attack!
You hit the gnoll. You freeze the gnoll. You hit the gnoll.
You freeze the gnoll. You grab the gnoll. You constrict the gnoll.
The gnoll hits you with a +0 flail.
You take 6 damage, and have 21/27 hp.
MASSIVE DAMAGE!!
Aim: a gnoll, wielding a +0 flail (severely wounded, constricted by you)
You freeze the gnoll.
You kill the gnoll!
Your Ice Magic skill increases to level 6!
You now have 3/7 mp.
You start resting.
A gnoll is nearby!
You regained 3 hp, and now have 24/27 hp.
You regained 3 mp, and now have 6/7 mp.
Throw: 5 boomerangs
Aim: a gnoll, wielding a +0 spear (wandering, hasn't noticed you, 60% to hit)
You throw a boomerang. The boomerang closely misses the gnoll.
The gnoll shouts!
Throw: 5 boomerangs
Aim: a gnoll, wielding a +0 spear (60% to hit)
You throw a boomerang. The boomerang closely misses the gnoll.
Throw: 5 boomerangs
Aim: a gnoll, wielding a +0 spear (60% to hit)
You throw a boomerang. The boomerang hits the gnoll.
Throw: 5 boomerangs
Aim: a gnoll, wielding a +0 spear (lightly wounded, 60% to hit)
You throw a boomerang. The boomerang hits the gnoll.
You reach to attack!
You hit the gnoll but do no damage.
The gnoll hits you from afar with a +0 spear.
You take 6 damage, and have 18/27 hp.
MASSIVE DAMAGE!!
Reach: a) +2 spear (freeze)
Aim: a gnoll, wielding a +0 spear (moderately wounded, about 35% to evade your +2 spear of freezing)
You reach to attack!
You hit the gnoll. You freeze the gnoll.
The gnoll hits you from afar with a +0 spear.
You take 2 damage, and have 16/27 hp.
MP restored: 7 Reach: a) +2 spear (freeze)
Aim: a gnoll, wielding a +0 spear (heavily wounded, about 35% to evade your +2 spear of freezing)
You reach to attack!
You hit the gnoll. You freeze the gnoll.
The gnoll hits you from afar with a +0 spear. x2
You take 2 damage, and have 14/27 hp.
Reach: a) +2 spear (freeze)
Aim: a gnoll, wielding a +0 spear (heavily wounded, about 35% to evade your +2 spear of freezing)
You reach to attack!
You hit the gnoll but do no damage. The gnoll barely misses you.
Reach: a) +2 spear (freeze)
Aim: a gnoll, wielding a +0 spear (heavily wounded, about 35% to evade your +2 spear of freezing)
You reach to attack!
You closely miss the gnoll.
Your icy armour starts to melt.
The gnoll hits you from afar with a +0 spear.
You take 1 damage, and have 14/27 hp.
Reach: a) +2 spear (freeze)
Aim: a gnoll, wielding a +0 spear (heavily wounded, about 35% to evade your +2 spear of freezing)
You reach to attack!
You barely miss the gnoll. The gnoll closely misses you.
Reach: a) +2 spear (freeze)
Aim: a gnoll, wielding a +0 spear (heavily wounded, about 35% to evade your +2 spear of freezing)
You reach to attack!
You closely miss the gnoll.
The gnoll hits you from afar with a +0 spear.
You take 1 damage, and have 13/27 hp.
Reach: a) +2 spear (freeze)
Aim: a gnoll, wielding a +0 spear (heavily wounded, about 35% to evade your +2 spear of freezing)
You reach to attack!
You barely miss the gnoll.
The gnoll hits you from afar with a +0 spear.
You take 2 damage, and have 11/27 hp.
Reach: a) +2 spear (freeze)
Aim: a gnoll, wielding a +0 spear (heavily wounded, about 35% to evade your +2 spear of freezing)
You reach to attack!
You closely miss the gnoll.
The gnoll hits you from afar with a +0 spear.
* * * LOW HITPOINT WARNING * * *
You take 5 damage, and have 6/27 hp.
Reach: a) +2 spear (freeze)
Aim: a gnoll, wielding a +0 spear (heavily wounded, about 35% to evade your +2 spear of freezing)
You reach to attack!
You hit the gnoll. You freeze the gnoll.
Your icy armour evaporates.
The gnoll hits you from afar with a +0 spear.
* * * LOW HITPOINT WARNING * * *
You take 5 damage, and have 1/27 hp.
There is a stone staircase leading up here.
The gnoll hits you from afar with a +0 spear.
You die...

#####...........
##..............#
#########...##..........#
########...........#..........#
#........#####....†.).#......#
............<.......####.#####
.########.#.......g.# #.#
#........###...### #.g.....$
#............@.#### #........
.###............#....# #....g..g
..........#....##.##.# #........
#...........#.##..##.###........
..##.......#..#.......##........
.........##......###.####...####
###...........#.####.####..
.........###..#.............
........## #.......####.....


You could see a gnoll.

Vanquished Creatures
  5 gnolls
  An adder (D:2)
  A worm (D:2)
  A dart slug (D:1)
  4 endoplasms
  3 goblins
  A hobgoblin (D:1)
  11 jackals
  2 kobolds (D:1)
  A quokka (D:1)
  3 ball pythons
  2 frilled lizards (D:1)
35 creatures vanquished.

Notes
Turn   | Place    | Note
-------+----------+-------------------------------------------
     0 | D:1      | sokol815 the Octopode Ice Elementalist began the quest for
                  | the Orb.
     0 | D:1      | Reached XP level 1. HP: 11/11 MP: 3/3
    57 | D:1      | HP: 2/11 [jackal (2)]
   486 | D:1      | Reached XP level 2. HP: 17/17 MP: 3/5
   936 | D:1      | Reached XP level 3. HP: 21/21 MP: 6/6
   975 | D:1      | Reached skill level 5 in Ice Magic
  1804 | D:2      | Reached XP level 4. HP: 27/27 MP: 5/7
  1983 | D:1      | Learned a level 3 spell: Ozocubu's Armour
  1987 | D:1      | Learned a level 3 spell: Frozen Ramparts
  2075 | D:2      | Reached skill level 6 in Ice Magic
  2115 | D:2      | HP: 6/27 [gnoll (5)]
  2116 | D:2      | HP: 1/27 [gnoll (5)]
  2120 | D:2      | Slain by a gnoll

Illustrated notes

Levels and vault maps discovered:
D:1:      kennysheep_arrival_seaside, layout_loops_cross
D:2:      layout_rooms, hellmonk_ecumenical_altar_blasted

Skill      XL: |  1  2  3  4 |
---------------+-------------+-----
Ice Magic      | 5 6 |  6.0
Dodging        | |  2.0
Stealth        | |  2.6
Spellcasting   | |  2.0

Action                   |  1- 3 |  4- 6 || total
-------------------------+-------+-------++-------
Melee: Unarmed           |     1 |       ||     1
       Short sword       |    15 |       ||    15
       Constrict         |     1 |     2 ||     3
       Dagger            |     1 |     2 ||     3
       Spear             |       |    12 ||    12
Throw: Boomerang         |       |     4 ||     4
 Cast: Freeze            |    36 |     8 ||    44
       Ozocubu's Armour  |       |     1 ||     1
 Stab: Sleeping          |    10 |       ||    10
Armor: Skin              |     1 |       ||     1
Dodge: Dodged            |    23 |     8 ||    31

Table legend: (Time is in decaauts)
 A = Elapsed time spent in this place.
 B = Non-inter-level travel time spent in this place.
 C = Inter-level travel time spent in this place.
 D = Time resting spent in this place.
 E = Time spent auto-exploring this place.
 F = Levels seen in this place.
 G = Mean time per level.
                   A        B        C        D        E       F      G
               +--------+--------+--------+--------+--------+-----+--------+
         Total |   2121 |   2029 |     92 |    841 |    847 |   2 | 1060.5 |
       Dungeon |   2121 |   2029 |     92 |    841 |    847 |   2 | 1060.5 |
               +--------+--------+--------+--------+--------+-----+--------+

Top non-repeatable levels by time:
     D:1: 1648 daAuts
     D:2: 472 daAuts

Table legend:
 A = Kills in this place as a percentage of kills in entire the game.
 B = Kills by you in this place as a percentage of kills by you in the entire game.
 C = Kills by friends in this place as a percentage of kills by friends in the entire game.
 D = Other kills in this place as a percentage of other kills in the entire game.
 E = Experience gained in this place as a percentage of experience gained in the entire game.
 F = Experience gained in this place divided by the number of levels of this place that you have seen.
                   A       B       C       D       E      F
               +-------+-------+-------+-------+-------+----------------------
         Total | 100.0 | 100.0 |   N/A |   N/A | 100.0 |  71.0
       Dungeon | 100.0 | 100.0 |   N/A |   N/A | 100.0 |  71.0
               +-------+-------+-------+-------+-------+----------------------
